[Event "RUS-ch Men Blitz 2019"]
[Site "Sochi"]
[Date "2019.10.17"]
[Round "4.18"]
[White "Lysyj, Igor"]
[Black "Musalov, Ruslan"]
[Result "1-0"]
[ECO "E06"]
[WhiteElo "2596"]
[BlackElo "2348"]
[Annotator "ChessBase"]
[PlyCount "67"]
[EventDate "2019.10.17"]
[EventType "swiss"]
[EventCountry "RUS"]
[SourceTitle "playchess.com"]
[Source "ChessBase"]
[SourceQuality "1"]
[TimeControl "180+2"]

1. d4 d5 2. c4 e6 3. Nf3 Nf6 4. g3 Be7 5. Bg2 O-O 6. O-O a6 7. Nc3 Nbd7 8. Qd3 c5 9. cxd5 exd5 10. b3 b5 11. Ne5 c4 12. bxc4 bxc4 13. Qc2 Bb7 14. Rb1 Qc7 15. Bf4 Nxe5 16. Bxe5 Qd7 17. Bxf6 Bxf6 18. Rxb7 Qxb7 19. Nxd5 Qa7 20. Nxf6+ gxf6 21. Bxa8 Qxa8 22. Qxc4 Rc8 23. Qd3 Qd5 24. Qxa6 Rc2 25. Qxf6 Rxe2 26. Rc1 Re8 27. a4 h5 28. h4 Qe6 29. Qxe6 fxe6 30. Ra1 Rd8 31. a5 Rxd4 32. a6 Rd8 33. a7 Ra8 34. Kg2 1-0

[Event "RUS-ch Men Blitz 2019"]
[Site "Sochi"]
[Date "2019.10.17"]
[Round "4.19"]
[White "Timofeev, Artyom"]
[Black "Gabitov, Ruslan"]
[Result "1-0"]
[ECO "A10"]
[WhiteElo "2595"]
[BlackElo "2172"]
[Annotator "ChessBase"]
[PlyCount "73"]
[EventDate "2019.10.17"]
[EventType "swiss"]
[EventCountry "RUS"]
[SourceTitle "playchess.com"]
[Source "ChessBase"]
[SourceQuality "1"]
[TimeControl "180+2"]

1. c4 g6 2. e3 Bg7 3. Be2 d6 4. h4 h5 5. Nf3 Nc6 6. Nc3 Bg4 7. d4 Nf6 8. d5 Bxf3 9. Bxf3 Ne5 10. Be2 c6 11. dxc6 bxc6 12. O-O O-O 13. e4 Rb8 14. Qc2 c5 15. Rb1 Nc6 16. Be3 Nd7 17. Rfe1 Nd4 18. Qd1 Nxe2+ 19. Qxe2 Bxc3 20. bxc3 Qa5 21. Rbc1 Ne5 22. Bg5 Rfe8 23. Bf4 Qa4 24. Bxe5 dxe5 25. Red1 Red8 26. Rd5 Qa3 27. Rc2 Rxd5 28. exd5 Qa4 29. Rd2 Qa3 30. Qxe5 Qc1+ 31. Kh2 Qxd2 32. Qxb8+ Kh7 33. Qg3 Qe2 34. Qf4 Kg7 35. f3 Qxa2 36. Qe5+ Kf8 37. Qh8# 1-0

[Event "RUS-ch Men Blitz 2019"]
[Site "Sochi"]
[Date "2019.10.17"]
[Round "4.20"]
[White "Kokarev, Dmitry"]
[Black "Kozak, Alexander"]
[Result "1-0"]
[ECO "B15"]
[WhiteElo "2593"]
[BlackElo "2230"]
[Annotator "ChessBase"]
[PlyCount "109"]
[EventDate "2019.10.17"]
[EventType "swiss"]
[EventCountry "RUS"]
[SourceTitle "playchess.com"]
[Source "ChessBase"]
[SourceQuality "1"]
[TimeControl "180+2"]

1. e4 c6 2. d4 d5 3. Nc3 g6 4. h3 Bg7 5. Nf3 Nh6 6. Bf4 O-O 7. Qd2 dxe4 8. Nxe4 Nf5 9. c3 Nd6 10. Nc5 Nd7 11. Nxd7 Bxd7 12. Bh6 Bf5 13. Bxg7 Kxg7 14. Be2 Ne4 15. Qe3 Nf6 16. Ne5 Rc8 17. O-O Qd6 18. b4 Rfd8 19. a3 b6 20. Rfd1 Qc7 21. Bc4 Nd5 22. Qe1 Be6 23. Bf1 Nf6 24. c4 h5 25. Rac1 a5 26. d5 Bd7 27. dxc6 Bxc6 28. Nxc6 Qxc6 29. Qxe7 Rxd1 30. Rxd1 axb4 31. axb4 Re8 32. Qd6 Qa4 33. Rc1 Qa3 34. Qd2 Ne4 35. Qd4+ Nf6 36. Qc3 Qxc3 37. Rxc3 Re1 38. f3 h4 39. Kf2 Rb1 40. b5 Nd7 41. Rd3 Nc5 42. Rd6 Na4 43. Bd3 Rb2+ 44. Kg1 Nc5 45. Be4 Na4 46. Rd7 Nc3 47. Bd5 Ne2+ 48. Kf2 Nf4+ 49. Ke3 Nxg2+ 50. Kd4 Ne1 51. Rxf7+ Kh6 52. Be4 Ng2 53. Rf6 Kg5 54. Rxg6+ Kf4 55. Rg4# 1-0

[Event "RUS-ch Men Blitz 2019"]
[Site "Sochi"]
[Date "2019.10.17"]
[Round "4.21"]
[White "Chizhikov, Vladislav"]
[Black "Golubov, Saveliy"]
[Result "0-1"]
[ECO "B40"]
[WhiteElo "2273"]
[BlackElo "2469"]
[Annotator "ChessBase"]
[PlyCount "100"]
[EventDate "2019.10.17"]
[EventType "swiss"]
[EventCountry "RUS"]
[SourceTitle "playchess.com"]
[Source "ChessBase"]
[SourceQuality "1"]
[TimeControl "180+2"]

1. e4 c5 2. Nf3 e6 3. b3 a6 4. Bb2 d5 5. exd5 exd5 6. d4 Nf6 7. Be2 Nc6 8. O-O Be7 9. dxc5 Bxc5 10. Nd4 O-O 11. Bf3 Ne5 12. Be2 Ne4 13. Nc3 Re8 14. Nxe4 dxe4 15. Qd2 Bg4 16. Bxg4 Nxg4 17. Qf4 Bxd4 18. Bxd4 Qxd4 19. Qxg4 Qc3 20. Rfe1 Qxc2 21. Re2 Qc6 22. Rae1 Re5 23. h4 Rae8 24. Qf4 h6 25. Rc1 Qb6 26. Re3 Qd8 27. Rc4 Qe7 28. Rec3 b5 29. Rc7 Qf8 30. Rg3 R5e6 31. Ra7 R8e7 32. Qe3 Rxa7 33. Qxa7 Qe7 34. Qd4 Re5 35. Re3 f6 36. g3 Kh7 37. Qc3 Qd6 38. Qc2 f5 39. Qc8 Rc5 40. Qe8 Rc1+ 41. Kg2 Qd1 42. g4 Qg1+ 43. Kh3 Qxg4+ 44. Kh2 Qxh4+ 45. Kg2 Qh1+ 46. Kg3 Rg1+ 47. Kf4 Qh4+ 48. Ke5 Qf6+ 49. Kd5 Rd1+ 50. Kc5 Qd6# {[%emt 0:00:01] Kd4} 0-1

[Event "RUS-ch Men Blitz 2019"]
[Site "Sochi"]
[Date "2019.10.17"]
[Round "4.28"]
[White "Lugovskoy, Maxim"]
[Black "Chekletsov, Ilya"]
[Result "1-0"]
[ECO "A45"]
[WhiteElo "2436"]
[BlackElo "2377"]
[Annotator "NA RC"]
[PlyCount "125"]
[EventDate "2019.10.17"]
[EventType "swiss"]
[EventCountry "RUS"]
[SourceTitle "playchess.com"]
[Source "ChessBase"]
[SourceQuality "1"]
[TimeControl "180+2"]

1. d4 Nf6 2. Nc3 d5 3. Bf4 g6 4. e3 Bg7 5. Nf3 O-O 6. Ne5 c6 7. Be2 Nfd7 8. Qd2 Nxe5 9. Bxe5 f6 10. Bg3 e5 11. h4 Be6 12. h5 Nd7 13. hxg6 hxg6 14. O-O-O Qe7 15. f3 f5 16. f4 exd4 17. exd4 Nf6 18. Bh4 Qd6 19. Bf3 Ne4 20. Bxe4 dxe4 21. g4 Kf7 22. gxf5 Bxf5 23. Qe3 Rae8 24. Kb1 a6 25. Ne2 Rh8 26. Ng3 Qd5 27. Nxf5 Qxf5 28. Qb3+ Kf8 29. d5 e3 30. d6 e2 31. Rde1 Qd5 32. Be7+ Kf7 33. Qxd5+ cxd5 34. d7 Rxe7 35. Rxh8 Rxd7 36. Rh2 d4 37. Rhxe2 Bf6 38. Rd2 Rd8 39. a3 Rh8 40. Rd3 Rh4 41. Rf1 Ke6 42. a4 b5 43. axb5 axb5 44. Rb3 Rh5 45. Re1+ Kd6 46. Ra3 Rf5 47. Ra6+ Kc5 48. Ree6 Bh4 49. Re5+ Rxe5 50. fxe5 g5 51. Rg6 Kd5 52. e6 Kd6 53. Kc1 Bg3 54. Kd2 Bf4+ 55. Kd3 Be3 56. b4 Ke7 57. c3 Bf2 58. cxd4 Be1 59. Rxg5 Bxb4 60. Rxb5 Bd6 61. d5 Be5 62. Ke4 Bh2 63. Rb7+ 1-0

[Event "RUS-ch Men Blitz 2019"]
[Site "Sochi"]
[Date "2019.10.17"]
[Round "4.31"]
[White "Derjabin, Ilja"]
[Black "Frolov, Aleksey G."]
[Result "1-0"]
[ECO "D80"]
[WhiteElo "2333"]
[BlackElo "2093"]
[Annotator "RC"]
[PlyCount "81"]
[EventDate "2019.10.17"]
[EventType "swiss"]
[EventCountry "RUS"]
[SourceTitle "playchess.com"]
[Source "ChessBase"]
[SourceQuality "1"]
[TimeControl "180+2"]

1. d4 Nf6 2. c4 g6 3. Nc3 d5 4. Bg5 Ne4 5. Bh4 Nxc3 6. bxc3 dxc4 7. Nf3 Bg7 8. e3 b5 9. a4 c6 10. Be2 Bb7 11. Qb1 a6 12. Bxc4 Qa5 13. O-O Qc7 14. Bg3 Qc8 15. Bb3 O-O 16. c4 Nd7 17. axb5 axb5 18. Rxa8 Qxa8 19. c5 Qa3 20. Qc2 Nf6 21. Ne5 e6 22. h3 Ra8 23. Rb1 Nd5 24. Bxd5 exd5 25. Qd1 Qa2 26. Rc1 Qb2 27. Rb1 Qa2 28. Rc1 Qb2 29. Kh2 Ra6 30. Rb1 Qa2 31. Nd3 Ra8 32. Be5 Bc8 33. Bxg7 Kxg7 34. Rb2 Qa3 35. Rd2 Bf5 36. Ne5 Rc8 37. Qf3 f6 38. Ng4 Qc1 39. Ra2 Rc7 40. Qf4 Rf7 41. Qh6+ 1-0

[Event "RUS-ch Men Blitz 2019"]
[Site "Sochi"]
[Date "2019.10.20"]
[Round "5.2"]
[White "Zakhartsov, Vladimir"]
[Black "Yuffa, Daniil"]
[Result "0-1"]
[ECO "A45"]
[WhiteElo "2514"]
[BlackElo "2577"]
[Annotator "ChessBase"]
[PlyCount "88"]
[EventDate "2019.10.17"]
[EventType "swiss"]
[EventCountry "RUS"]
[SourceTitle "playchess.com"]
[Source "ChessBase"]
[SourceQuality "1"]
[TimeControl "180+2"]

1. d4 Nf6 2. g3 c5 3. d5 g6 4. Bg2 Bg7 5. Nc3 O-O 6. e4 d6 7. Nge2 Na6 8. O-O Nc7 9. a4 b6 10. h3 a6 11. Bf4 Rb8 12. e5 Nh5 13. exd6 exd6 14. Be3 b5 15. axb5 axb5 16. Nf4 Nf6 17. Qc1 b4 18. Nce2 Re8 19. c3 bxc3 20. Nxc3 Ba6 21. Rd1 Bc4 22. Qd2 Bb3 23. Re1 Nb5 24. Nxb5 Rxb5 25. Ne2 Ne4 26. Bxe4 Rxe4 27. Nc3 Bxc3 28. Qxc3 Bxd5 29. Bh6 Rd4 30. Ra6 Rb8 31. Ra7 Qf6 32. h4 Qf5 33. Qe3 Re4 34. Qc3 Rxe1+ 35. Qxe1 Qf3 36. Kf1 Qg2+ 37. Ke2 Re8+ 38. Be3 Qe4 39. Qc3 Bc4+ 40. Kd2 d5 41. b3 d4 42. Qxc4 dxe3+ 43. fxe3 Qxe3+ 44. Kc2 Qf2+ 0-1

[Event "RUS-ch Men Blitz 2019"]
[Site "Sochi"]
[Date "2019.10.17"]
[Round "5.3"]
[White "Drygalov, Andrey"]
[Black "Nozdrachev, Vladislav"]
[Result "1-0"]
[ECO "C54"]
[WhiteElo "2484"]
[BlackElo "2494"]
[Annotator "ChessBase"]
[PlyCount "109"]
[EventDate "2019.10.17"]
[EventType "swiss"]
[EventCountry "RUS"]
[SourceTitle "playchess.com"]
[Source "ChessBase"]
[SourceQuality "1"]
[TimeControl "180+2"]

1. e4 e5 2. Nf3 Nc6 3. Bc4 Bc5 4. c3 Nf6 5. d3 d6 6. O-O a6 7. a4 Ba7 8. Re1 O-O 9. h3 Ne7 10. Nbd2 Ng6 11. Nf1 Nh5 12. d4 Nhf4 13. Ng3 Qf6 14. Nh5 Qe7 15. Nxf4 Nxf4 16. Bxf4 exf4 17. e5 Bf5 18. Qd2 dxe5 19. Rxe5 Qf6 20. Qxf4 Bxh3 21. Qxf6 gxf6 22. Re7 Bg4 23. Rxc7 Rac8 24. Rxb7 Bxd4 25. Nxd4 Rxc4 26. Rb6 a5 27. Rxf6 Rb8 28. Rc6 Rxc6 29. Nxc6 Rxb2 30. Nxa5 Bc8 31. Nc6 Bb7 32. Nd4 Ba6 33. a5 Kg7 34. Nc6 Rb3 35. Nb4 Bb7 36. a6 Ba8 37. Rd1 Rxc3 38. Rd8 Rb3 39. Rb8 Be4 40. f3 Bd5 41. a7 Ra3 42. Nxd5 Rxa7 43. Rb6 Rd7 44. Nf4 Rd4 45. Nh5+ Kf8 46. Nf6 Kg7 47. Ne4 Rd5 48. Rb7 Kg6 49. Kf2 Ra5 50. Rb6+ Kg7 51. g4 h6 52. Ng3 Kh7 53. Nf5 h5 54. Rh6+ Kg8 55. Rxh5 1-0

[Event "RUS-ch Men Blitz 2019"]
[Site "Sochi"]
[Date "2019.10.17"]
[Round "5.4"]
[White "Vastrukhin, Oleg"]
[Black "Sakaev, Konstantin"]
[Result "0-1"]
[ECO "A06"]
[WhiteElo "2428"]
[BlackElo "2595"]
[Annotator "ChessBase"]
[PlyCount "94"]
[EventDate "2019.10.17"]
[EventType "swiss"]
[EventCountry "RUS"]
[SourceTitle "playchess.com"]
[Source "ChessBase"]
[SourceQuality "1"]
[TimeControl "180+2"]

1. g3 d5 2. Nf3 Nf6 3. Bg2 c5 4. O-O e6 5. d4 cxd4 6. Nxd4 e5 7. Nb3 Be6 8. c4 Nc6 9. cxd5 Nxd5 10. Nc3 Nxc3 11. Qxd8+ Rxd8 12. bxc3 Bd5 13. Be3 Bxg2 14. Kxg2 Ba3 15. Rab1 b6 16. Nd2 Na5 17. Rb5 f6 18. Ne4 Kd7 19. g4 Kc6 20. Rfb1 Rd5 21. Rxd5 Kxd5 22. Rd1+ Kc6 23. h4 Nc4 24. h5 Be7 25. Kf3 a5 26. Ng3 Rc8 27. Nf5 Bf8 28. g5 Nxe3 29. Kxe3 fxg5 30. Ke4 Kb5 31. Rd7 Rxc3 32. Nxg7 Rc2 33. Ne6 Bc5 34. Nxc5 bxc5 35. Ke3 h6 36. Rd6 Rxa2 37. Rxh6 Ra3+ 38. Ke4 Rh3 39. Kxe5 a4 40. Rh8 a3 41. e4 Kb4 42. Kf5 a2 43. Ra8 Ra3 44. Rb8+ Kc4 45. h6 a1=Q 46. h7 Rh3 47. Kg6 Qe5 0-1

[Event "RUS-ch Men Blitz 2019"]
[Site "Sochi"]
[Date "2019.10.20"]
[Round "5.4"]
[White "Apryshko, Gleb"]
[Black "Bocharov, Dmitry"]
[Result "1-0"]
[ECO "A00"]
[WhiteElo "2382"]
[BlackElo "2519"]
[Annotator "ChessBase"]
[PlyCount "68"]
[EventDate "2019.10.17"]
[EventType "swiss"]
[EventCountry "RUS"]
[SourceTitle "playchess.com"]
[Source "ChessBase"]
[SourceQuality "1"]
[TimeControl "180+2"]

1. g3 c5 2. Bg2 g6 3. c3 Nf6 4. d4 Bg7 5. Nf3 O-O 6. O-O b6 7. Ne5 d5 8. a4 Bb7 9. a5 Nfd7 10. f4 Nxe5 11. fxe5 bxa5 12. Qb3 Qb6 13. Bxd5 Bxd5 14. Qxd5 cxd4 15. cxd4 Nc6 16. e3 e6 17. Qg2 Nb4 18. Bd2 Rac8 19. Bc3 Nd5 20. Qe2 Bh6 21. e4 Nb4 22. Na3 Nc6 23. Qf2 Nxe5 24. Nc2 Nc6 25. d5 exd5 26. exd5 Ne7 27. Bd4 Qd6 28. Rxa5 Nf5 29. Bxa7 Qc7 30. Bc5 Qxa5 31. Bxf8 Rxf8 32. b4 Qxd5 33. Rb1 Qe4 34. b5 Be3 1-0

[Event "RUS-ch Men Blitz 2019"]
[Site "Sochi"]
[Date "2019.10.17"]
[Round "5.5"]
[White "Rublevsky, Sergei"]
[Black "Nesterov, Arseniy"]
[Result "1-0"]
[ECO "C45"]
[WhiteElo "2651"]
[BlackElo "2484"]
[Annotator "RC"]
[PlyCount "67"]
[EventDate "2019.10.17"]
[EventType "swiss"]
[EventCountry "RUS"]
[SourceTitle "playchess.com"]
[Source "ChessBase"]
[SourceQuality "1"]
[TimeControl "180+2"]

1. e4 e5 2. Nf3 Nc6 3. d4 exd4 4. Nxd4 Bc5 5. Be3 Qf6 6. c3 Nge7 7. Qd2 Bb6 8. Nb5 Ba5 9. N1a3 a6 10. Nd4 b5 11. Be2 Nxd4 12. Bxd4 Qg6 13. O-O O-O 14. Nc2 Bb7 15. f3 d6 16. b4 Bb6 17. Bxb6 cxb6 18. Ne3 Rfd8 19. Qd4 d5 20. e5 Rac8 21. Rac1 Rc6 22. f4 Nf5 23. Nxf5 Qxf5 24. Bd3 Qd7 25. f5 Rdc8 26. f6 g6 27. Qf4 Qe8 28. Qd4 Re6 29. Rfe1 Rec6 30. Re3 Rc4 31. Bxc4 Rxc4 32. Qd2 Qc6 33. Rg3 d4 34. Qh6 1-0

[Event "RUS-ch Men Blitz 2019"]
[Site "Sochi"]
[Date "2019.10.17"]
[Round "5.6"]
[White "Gutenev, Alexander"]
[Black "Pridorozhni, Aleksei"]
[Result "0-1"]
[ECO "C42"]
[WhiteElo "2469"]
[BlackElo "2599"]
[Annotator "ChessBase"]
[PlyCount "96"]
[EventDate "2019.10.17"]
[EventType "swiss"]
[EventCountry "RUS"]
[SourceTitle "playchess.com"]
[Source "ChessBase"]
[SourceQuality "1"]
[TimeControl "180+2"]

1. e4 e5 2. Nf3 Nf6 3. Nxe5 d6 4. Nf3 Nxe4 5. Nc3 Nxc3 6. dxc3 Nc6 7. Be3 Be7 8. Qd2 Be6 9. O-O-O Qd7 10. Kb1 Bf6 11. h4 h6 12. g3 a6 13. Bg2 O-O-O 14. Nd4 Bxd4 15. Bxd4 f6 16. Rde1 Rhe8 17. b3 Kb8 18. Re2 Bg4 19. Rxe8 Rxe8 20. Re1 Ne5 21. f4 Nf3 22. Rxe8+ Qxe8 23. Bxf3 Bxf3 24. Qe3 Be4 25. Qd2 c5 26. Bf2 Kc7 27. c4 Qg6 28. Kc1 Qg4 29. Qe3 Qf5 30. Qd2 b6 31. a3 a5 32. Be1 Qh3 33. Qe2 Qh1 34. Kb2 f5 35. h5 Kd7 36. Bc3 Bf3 37. Qd2 Qxh5 38. Bxg7 Qg6 39. Bc3 Qxg3 40. Qe3 Qg4 41. Bd2 Be4 42. Qf2 h5 43. Be1 Qd1 44. b4 axb4 45. axb4 h4 46. Bc3 h3 47. bxc5 bxc5 48. Qh2 Qxc2+ 0-1

[Event "RUS-ch Men Blitz 2019"]
[Site "Sochi"]
[Date "2019.10.17"]
[Round "5.7"]
[White "Bryakin, Mikhail"]
[Black "Khegay, Dmitriy"]
[Result "0-1"]
[ECO "A40"]
[WhiteElo "2440"]
[BlackElo "2509"]
[Annotator "ChessBase"]
[PlyCount "98"]
[EventDate "2019.10.17"]
[EventType "swiss"]
[EventCountry "RUS"]
[SourceTitle "playchess.com"]
[Source "ChessBase"]
[SourceQuality "1"]
[TimeControl "180+2"]

1. d4 g6 2. c4 Bg7 3. Nc3 c5 4. d5 d6 5. e4 e6 6. h3 Ne7 7. Nf3 a6 8. Bd3 h6 9. O-O g5 10. dxe6 Bxe6 11. Nd5 Nbc6 12. Rb1 O-O 13. a3 f5 14. exf5 Nxf5 15. b4 cxb4 16. axb4 Nfd4 17. Nxd4 Nxd4 18. Be4 Nc6 19. Bb2 Ne5 20. c5 dxc5 21. bxc5 Rc8 22. Rc1 g4 23. hxg4 Nxg4 24. Bxg7 Qh4 25. Be5 Nxe5 26. f3 Rcd8 27. Qd4 Rxd5 28. Qb2 Qg3 29. Bxd5 Bxd5 30. Rc3 Nxf3+ 31. Rcxf3 Rxf3 32. Rd1 Rd3 33. Rxd3 Qxd3 34. Qe5 Qe4 35. Qb8+ Kg7 36. Qc7+ Bf7 37. Qg3+ Kh7 38. Qc7 Qf5 39. Kh2 Qh5+ 40. Kg1 Qd1+ 41. Kh2 Qd5 42. Kg1 Kg7 43. Qg3+ Bg6 44. Qc7+ Qf7 45. Qd6 a5 46. Qd4+ Kh7 47. Qa4 Qc7 48. Qd4 a4 49. Qxa4 Qxc5+ {[%emt 0:00:04] Qd7+} 0-1

[Event "RUS-ch Men Blitz 2019"]
[Site "Sochi"]
[Date "2019.10.17"]
[Round "5.10"]
[White "Korchmar, Vasiliy"]
[Black "Shimanov, Aleksandr"]
[Result "0-1"]
[ECO "E09"]
[WhiteElo "2432"]
[BlackElo "2587"]
[Annotator "RC"]
[PlyCount "96"]
[EventDate "2019.10.17"]
[EventType "swiss"]
[EventCountry "RUS"]
[SourceTitle "playchess.com"]
[Source "ChessBase"]
[SourceQuality "1"]
[TimeControl "180+2"]

1. d4 Nf6 2. c4 e6 3. g3 d5 4. Bg2 Be7 5. Nf3 O-O 6. O-O Nbd7 7. Qc2 c6 8. Nbd2 b6 9. e4 dxc4 10. Nxc4 Bb7 11. Bg5 b5 12. Ne3 c5 13. e5 Nd5 14. Bxe7 Qxe7 15. h4 h6 16. Nxd5 Bxd5 17. dxc5 Nxc5 18. Nd4 Bxg2 19. Kxg2 Qb7+ 20. Kh2 Rac8 21. Qe2 a6 22. Rac1 Rfd8 23. Nb3 Na4 24. Rfd1 Qb6 25. Rxc8 Rxc8 26. Rd6 Qb7 27. Qd2 Qe4 28. Qd4 Qxd4 29. Nxd4 Nxb2 30. Rxa6 Nd3 31. f4 b4 32. Nb5 Rc2+ 33. Kg1 h5 34. Nd6 Rc7 35. Ra8+ Kh7 36. Kg2 Kg6 37. Kf3 Rc3 38. Kg2 Nc1 39. Ra7 Rc2+ 40. Kf3 Rxa2 41. Rxf7 Ra3+ 42. Kg2 b3 43. Rb7 Nd3 44. Ne8 b2 45. Rxg7+ Kh6 46. Rb7 Ra1 47. Nf6 b1=Q 48. Ng8+ Kg6 0-1

[Event "RUS-ch Men Blitz 2019"]
[Site "Sochi"]
[Date "2019.10.17"]
[Round "5.11"]
[White "Smagin, Sergey"]
[Black "Lysyj, Igor"]
[Result "1/2-1/2"]
[ECO "C48"]
[WhiteElo "2551"]
[BlackElo "2596"]
[Annotator "RC"]
[PlyCount "54"]
[EventDate "2019.10.17"]
[EventType "swiss"]
[EventCountry "RUS"]
[SourceTitle "playchess.com"]
[Source "ChessBase"]
[SourceQuality "1"]
[TimeControl "180+2"]

1. e4 e5 2. Nc3 Nf6 3. Nf3 Nc6 4. Bb5 Nd4 5. Bc4 Bc5 6. O-O d6 7. h3 a6 8. a4 O-O 9. d3 h6 10. Nxd4 Bxd4 11. Ne2 Ba7 12. Ng3 c6 13. Qe2 d5 14. Bb3 Re8 15. Be3 Bxe3 16. fxe3 Be6 17. exd5 cxd5 18. Nf5 Nh7 19. Rf2 Nf8 20. Raf1 Ng6 21. Qe1 Qd7 22. a5 Rad8 23. Qb4 Qc7 24. Ba4 Rf8 25. Bb3 Rfe8 26. Ba4 Rf8 27. Bb3 Rfe8 1/2-1/2

[Event "RUS-ch Men Blitz 2019"]
[Site "Sochi"]
[Date "2019.10.17"]
[Round "5.12"]
[White "Yudin, Sergei"]
[Black "Utnasunov, Alexander"]
[Result "1-0"]
[ECO "B50"]
[WhiteElo "2497"]
[BlackElo "2442"]
[Annotator "ChessBase"]
[PlyCount "59"]
[EventDate "2019.10.17"]
[EventType "swiss"]
[EventCountry "RUS"]
[SourceTitle "playchess.com"]
[Source "ChessBase"]
[SourceQuality "1"]
[TimeControl "180+2"]

1. e4 c5 2. Nf3 d6 3. c3 Nf6 4. h3 e6 5. Bd3 Be7 6. O-O O-O 7. Bc2 Nc6 8. Re1 b6 9. d3 h6 10. Nbd2 e5 11. a4 Be6 12. Nc4 Qc7 13. Bb3 Rfe8 14. Ne3 Bf8 15. Bxe6 fxe6 16. Ng4 Nxg4 17. hxg4 Qf7 18. Be3 d5 19. g5 h5 20. Nh4 g6 21. g4 hxg4 22. Qxg4 Bd6 23. Kg2 Kg7 24. Rh1 Rh8 25. Nf3 Rxh1 26. Rxh1 Rh8 27. Rh6 Rh7 28. Qh3 Qg8 29. Rxh7+ Qxh7 30. Qxe6 1-0

[Event "RUS-ch Men Blitz 2019"]
[Site "Sochi"]
[Date "2019.10.17"]
[Round "5.13"]
[White "Ozgibcev, Anatoly"]
[Black "Timofeev, Artyom"]
[Result "1-0"]
[ECO "B22"]
[WhiteElo "2367"]
[BlackElo "2595"]
[Annotator "RC"]
[PlyCount "183"]
[EventDate "2019.10.17"]
[EventType "swiss"]
[EventCountry "RUS"]
[SourceTitle "playchess.com"]
[Source "ChessBase"]
[SourceQuality "1"]
[TimeControl "180+2"]

1. e4 c5 2. c3 d6 3. d4 Nd7 4. Nf3 g6 5. Bc4 e6 6. O-O Bg7 7. Bg5 Qc7 8. dxc5 Qxc5 9. Qe2 Ngf6 10. Nbd2 O-O 11. Rfe1 a6 12. a4 b6 13. e5 dxe5 14. Nxe5 Nxe5 15. Qxe5 Qxe5 16. Rxe5 Bb7 17. Ree1 Nd5 18. Ne4 h6 19. Bh4 g5 20. Bg3 Bc6 21. f3 Rfd8 22. Bf2 b5 23. axb5 axb5 24. Rxa8 Rxa8 25. Bb3 Nf4 26. Nc5 Bf8 27. Rd1 Rc8 28. Nd3 Ng6 29. Bg3 h5 30. h3 Bg7 31. Nb4 Be8 32. Nd3 Kh7 33. Kh1 Kh6 34. Bf2 Bf6 35. Be3 Kg7 36. Nf2 Bc6 37. Bc2 Ne5 38. Ne4 Bxe4 39. Bxe4 Nc4 40. Bc1 Rb8 41. Bd3 Ne5 42. Be2 b4 43. Bd2 bxc3 44. Bxc3 Ng6 45. Bxf6+ Kxf6 46. Rb1 Rb4 47. b3 h4 48. Kg1 Nf4 49. Bc4 Ke5 50. Kf2 Rb8 51. b4 Kd4 52. Bf1 Nd5 53. b5 Kc5 54. Rc1+ Kd6 55. Rc6+ Ke5 56. Rc2 Ra8 57. Re2+ Kd4 58. Rb2 Kc3 59. Re2 Ra5 60. Re4 Ra2+ 61. Kg1 Nf4 62. Rc4+ Kd2 63. Rd4+ Kc3 64. Rc4+ Kd2 65. Rd4+ Kc3 66. Rc4+ Kd2 67. Rd4+ Kc1 68. Rc4+ Kd1 69. Rd4+ Kc2 70. Rc4+ Kd2 71. Rd4+ Kc3 72. Rc4+ Kb3 73. b6 Ra8 74. b7 Rb8 75. Rc7 Nd5 76. Rxf7 Kc3 77. Be2 Kd2 78. Ba6 Nb4 79. Bb5 Ke3 80. Re7 Kf4 81. Bc4 Nd5 82. Bxd5 exd5 83. Kf2 d4 84. Rg7 d3 85. Ke1 Re8+ 86. Kd2 Re2+ 87. Kxd3 Rb2 88. Kc3 Rb6 89. Kc4 Rb2 90. Kc5 Ke3 91. Kc6 Kf2 92. Rxg5 1-0

[Event "RUS-ch Men Blitz 2019"]
[Site "Sochi"]
[Date "2019.10.17"]
[Round "5.14"]
[White "Pogromsky, Mikhail"]
[Black "Kokarev, Dmitry"]
[Result "0-1"]
[ECO "E61"]
[WhiteElo "2411"]
[BlackElo "2593"]
[Annotator "ChessBase"]
[PlyCount "68"]
[EventDate "2019.10.17"]
[EventType "swiss"]
[EventCountry "RUS"]
[SourceTitle "playchess.com"]
[Source "ChessBase"]
[SourceQuality "1"]
[TimeControl "180+2"]

1. d4 Nf6 2. c4 g6 3. Nc3 Bg7 4. Nf3 O-O 5. h3 d6 6. Bg5 c5 7. d5 e6 8. e3 h6 9. Bf4 e5 10. Bh2 Nh7 11. g4 Na6 12. Be2 Bd7 13. Rg1 Ng5 14. Nxg5 Qxg5 15. Bg3 Qe7 16. e4 Bf6 17. Qb3 b6 18. O-O-O Nc7 19. Nb5 Nxb5 20. cxb5 a6 21. a3 Qe8 22. bxa6 b5 23. a4 bxa4 24. Qb6 Qe7 25. Rh1 Rfb8 26. Qa5 Rb4 27. h4 Rxe4 28. Bb5 Rb4 29. Bc6 Bxc6 30. dxc6 Qe6 31. c7 Qc4+ 32. Kb1 e4 33. Rd2 e3 34. Rc2 Qe4 0-1

[Event "RUS-ch Men Blitz 2019"]
[Site "Sochi"]
[Date "2019.10.17"]
[Round "5.16"]
[White "Khismatullin, Denis"]
[Black "Apryshko, Gleb"]
[Result "1-0"]
[ECO "A01"]
[WhiteElo "2611"]
[BlackElo "2382"]
[Annotator "RC"]
[PlyCount "53"]
[EventDate "2019.10.17"]
[EventType "swiss"]
[EventCountry "RUS"]
[SourceTitle "playchess.com"]
[Source "ChessBase"]
[SourceQuality "1"]
[TimeControl "180+2"]

1. b3 d6 2. Bb2 Nd7 3. d4 Ngf6 4. Nc3 g6 5. e3 Bg7 6. g4 e5 7. dxe5 Nxe5 8. h3 Bd7 9. Bg2 Bc6 10. Bxc6+ Nxc6 11. Nge2 h5 12. g5 Ne4 13. h4 Ne5 14. Qd5 Nxc3 15. Bxc3 c6 16. Qg2 O-O 17. O-O-O Qe7 18. e4 Rfe8 19. Rhe1 Rad8 20. Qg3 Qf8 21. f3 Rd7 22. Kb1 Red8 23. Rd2 d5 24. Bxe5 dxe4 25. Rxd7 Rxd7 26. fxe4 Qb4 27. Bxg7 1-0

[Event "RUS-ch Men Blitz 2019"]
[Site "Sochi"]
[Date "2019.10.17"]
[Round "5.19"]
[White "Yatzenko, Anton"]
[Black "Popov, Valerij"]
[Result "1-0"]
[ECO "D02"]
[WhiteElo "2383"]
[BlackElo "2535"]
[Annotator "ChessBase"]
[PlyCount "70"]
[EventDate "2019.10.17"]
[EventType "swiss"]
[EventCountry "RUS"]
[SourceTitle "playchess.com"]
[Source "ChessBase"]
[SourceQuality "1"]
[TimeControl "180+2"]

1. d4 d5 2. Nf3 Nf6 3. Bf4 e6 4. e3 c5 5. Nbd2 Nc6 6. c3 Bd6 7. Bg3 O-O 8. Bd3 b6 9. e4 Be7 10. dxc5 bxc5 11. O-O Qb6 12. exd5 exd5 13. Qc2 c4 14. Be2 g6 15. b3 Bf5 16. Qc1 Qa5 17. b4 Qb6 18. a4 Nh5 19. b5 Nxg3 20. hxg3 Na5 21. Nd4 Be6 22. Re1 Bf6 23. N2f3 Nb3 24. Nxb3 cxb3 25. Qb2 Rfc8 26. Nd4 Qa5 27. Rac1 Bxd4 28. cxd4 Qb4 29. Rb1 Rc3 30. Bd1 Bf5 31. Bxb3 Bxb1 32. Rxb1 Rd8 33. Qa2 Qxd4 34. Rd1 Rd3 35. Re1 Rd2 1-0

[Event "RUS-ch Men Blitz 2019"]
[Site "Sochi"]
[Date "2019.10.20"]
[Round "5.20"]
[White "Oganian, Miran"]
[Black "Dudin, Gleb"]
[Result "1-0"]
[ECO "A40"]
[WhiteElo "2436"]
[BlackElo "2314"]
[Annotator "NA"]
[PlyCount "57"]
[EventDate "2019.10.17"]
[EventType "swiss"]
[EventCountry "RUS"]
[SourceTitle "playchess.com"]
[Source "ChessBase"]
[SourceQuality "1"]
[TimeControl "180+2"]

1. d4 g6 2. c4 Bg7 3. Nf3 d6 4. Nc3 Bg4 5. g3 Bxf3 6. exf3 Nc6 7. Be3 Nh6 8. d5 Ne5 9. f4 Nd7 10. Bh3 O-O 11. O-O c6 12. Re1 cxd5 13. cxd5 a6 14. Bd4 Re8 15. Bxg7 Kxg7 16. Qd4+ Kg8 17. Rad1 Rc8 18. Re2 Rc5 19. Rde1 Rc7 20. Ne4 Nf5 21. Bxf5 gxf5 22. Nxd6 Rf8 23. Nxf5 Nf6 24. Nxe7+ Rxe7 25. Rxe7 Qd6 26. Qe5 Rd8 27. Qxd6 Rxd6 28. Rxb7 Nxd5 29. Rd1 1-0